 Dungeon Crawl Stone Soup version 0.21-a0-584-g185da8e (webtiles) character file.

270 Bluekicks the Conjurer (level 6, -9/69 HPs)
             Began as a Draconian Conjurer on Dec 21, 2017.
             Was an Initiate of Vehumet.
             Killed by divine providence
             ... invoked by an orc priest
              (14 damage)
             ... on level 4 of the Dungeon.
             The game lasted 01:11:02 (4362 turns).

Bluekicks the Conjurer (Draconian Conjurer)         Turns: 4362, Time: 01:11:02

Health: -9/69      AC: 23    Str: 10    XL:     6   Next: 1%
Magic:  1/11       EV:  2    Int: 17    God:    Vehumet [......]
Gold:   117        SH:  0    Dex: 12    Spells: 2/12 levels left

rFire    x . .     SeeInvis .   y - +0 long sword
rCold    + . .     Gourm    .   (no shield)
rNeg     + + +     Faith    .   (armour unavailable)
rPois    +         Spirit   .   (helmet currently unavailable)
rElec    .         Reflect  .   (cloak currently unavailable)
rCorr    .         Harm     .   (gloves currently unavailable)
MR       .....     NoTele   +   (boots currently unavailable)
Stlth    ++........             o - amulet of rage
HPRegen  0.21/turn              s - ring of flight
MPRegen  0.12/turn              x - ring of ice

@: tree-form, very slightly contaminated
A: unfitting armour, AC +6
a: Renounce Religion, Evoke Berserk Rage


You were on level 4 of the Dungeon.
You worshipped Vehumet.
Vehumet was noncommittal.
You were hungry.
You were a tree.
You visited 2 branches of the dungeon, and saw 5 of its levels.

You collected 117 gold pieces.

Inventory:

Hand Weapons
 e - a +0 hunting sling
 y - a +0 long sword (weapon)
Missiles
 f - 39 bolts
 j - 184 stones (quivered)
 m - 17 arrows
Armour
 u - a +2 pair of gloves (melded)
Jewellery
 o - an amulet of rage (around neck)
 s - a ring of flight (left branch)
 x - a ring of ice (right branch)
Wands
 d - a wand of polymorph (7)
 t - a wand of flame (5)
Scrolls
 c - 5 scrolls of remove curse
 g - a scroll of amnesia
 i - a scroll of magic mapping
 p - 2 scrolls of enchant armour
 r - a scroll of identify {unknown}
Potions
 n - a potion of lignification
 q - a potion of might {unknown}
Books
 a - a book of Conjurations

   Spells                             Type                      Level
   a - Magic Dart                     Conjuration                  1
   b - Searing Ray                    Conjuration                  2
   c - Dazzling Spray                 Conjuration/Hexes            3
   d - Fulminant Prism                Conjuration/Hexes            4
   e - Force Lance                    Conjuration/Translocation    4
   f - Iskenderun's Mystic Blast      Conjuration                  4
 k - a book of Minor Magic

   Spells                             Type                      Level
   a - Magic Dart                     Conjuration                  1
   b - Blink                          Translocation                2
   c - Call Imp                       Summoning                    2
   d - Slow                           Hexes                        2
   e - Conjure Flame                  Conjuration/Fire             3
   f - Mephitic Cloud                 Conjuration/Poison/Air       3
 v - a book of Callings

   Spells                             Type                      Level
   a - Summon Small Mammal            Summoning                    1
   b - Call Imp                       Summoning                    2
   c - Call Canine Familiar           Summoning                    3
   d - Summon Guardian Golem          Hexes/Summoning              3
   e - Summon Lightning Spire         Summoning/Air                4
   f - Summon Ice Beast               Ice/Summoning                4
Comestibles
 b - 10 rations


   Skills:
 + Level 0.6 Fighting
 + Level 2.2 Dodging
 + Level 2.0 Stealth
 + Level 3.5 Spellcasting
 * Level 6.1 Conjurations
 + Level 0.4 Translocations


You had 2 spell levels left.
You knew the following spells:

 Your Spells              Type           Power        Failure   Level  Hunger
a - Magic Dart            Conj           ###.         1%          1    None
b - Searing Ray           Conj           ###...       1%          2    ##.....
c - Blink                 Tloc           N/A          22%         2    ##.....
d - Mephitic Cloud        Conj/Pois/Air  #.......     22%         3    ###....
e - Slow                  Hex            #.......     26%         2    ##.....


Dungeon Overview and Level Annotations

Branches:
Dungeon (4/15)             Temple (1/1) D:4

Altars:
Ashenzari
Elyvilon
Fedhas
Gozag
Hepliaklqana
Kikubaaqudgha
Nemelex Xobeh
Qazlal
Trog
Uskayaw
Vehumet
Wu Jian
Xom
Yredelemnul
Zin


Innate Abilities, Weirdness & Mutations

((Your plain brown scales are hard. (AC +6)))
You cannot fit into any form of body armour.
((You are cold-blooded and may be slowed by cold attacks.))


Message History

You fail to use your ability.
Your surroundings seem slightly different.
The orc priest misses you.
You riposte.
You closely miss the orc priest.
You feel better. The orc priest misses you.
You riposte.
You hit the orc priest but do no damage.
You turn into a tree.
Your +2 pair of gloves melds into your body.
Your roots penetrate the ground.
The orc priest barely misses you.
You riposte.
You barely miss the orc priest.
You hit the orc priest but do no damage.
The orc priest calls down the wrath of Beogh upon you.
Beogh smites you!
* * * LOW HITPOINT WARNING * * *
The orc priest barely misses you.
The orc priest hits you but does no damage.
You barely miss the orc priest. The orc priest hits you with a flail.
* * * LOW HITPOINT WARNING * * *
The orc priest invokes the aid of Beogh against you.
Beogh smites you!
You die...

....# #........#.#.##........##.#
....#####......#.#.##........##..
...>....'......'...####.#########
....#####[.....#....###'##.......
....#######....#....##........###
..........'..........+...........
....#######....#....##...........
....# ####.......#.........##
....# ####.#♣)...#.........#
##### #.....o....##.##.#.#.#
#..#...#.o..##.##.#.#.#
#...≈≈≈≈≈.....#.##.#.#.#
#.#≈≈≈≈≈≈≈#.#.#.##.#.#.#
#..≈≈≈≈≈≈≈......##.#.#.#
.(≈≈≈.≈≈≈...#.###.#.#.#
..≈≈≈≈≈≈≈≈..##..##.#
...#≈≈≈≈≈≈≈#........#


You could see 2 orc priests.

Vanquished Creatures
  A scorpion (D:4)
  An orc priest (D:3)
  A hound (D:4)
  An orc wizard (D:3)
  5 adders
  2 worms
  4 dart slugs
  2 leopard geckos
  13 orcs
  3 giant cockroaches
  2 gnoll zombies (D:3)
  9 goblins
  4 hobgoblins
  2 jackals (D:4)
  2 quokkas (D:4)
  6 bats (D:3)
  2 frilled lizards
  A kobold (D:2)
  6 rats
67 creatures vanquished.

Notes
Turn   | Place    | Note
-------+----------+-------------------------------------------
     0 | D:1      | Bluekicks the Draconian Conjurer began the quest for the Orb.
     0 | D:1      | Reached XP level 1. HP: 14/14 MP: 3/3
   230 | D:1      | Reached XP level 2. HP: 20/20 MP: 0/5
   279 | D:1      | Learned a level 2 spell: Searing Ray
   945 | D:1      | You fall through a shaft!
   945 | D:2      | Found an ornate altar of the Wu Jian Council.
  1368 | D:2      | Reached XP level 3. HP: 25/26 MP: 6/6
  2089 | D:3      | Reached skill level 5 in Conjurations
  2114 | D:3      | Reached XP level 4. HP: 33/33 MP: 3/8
  2387 | D:3      | Learned a level 2 spell: Blink
  2391 | D:3      | Learned a level 3 spell: Mephitic Cloud
  2578 | D:3      | Reached XP level 5. HP: 29/38 MP: 1/9
  2822 | D:3      | Found a basalt altar of Yredelemnul.
  3338 | D:4      | Found a staircase to the Ecumenical Temple.
  3347 | Temple   | Entered the Ecumenical Temple
  3396 | Temple   | Became a worshipper of Vehumet
  3435 | D:4      | Found a white marble altar of Elyvilon.
  4032 | D:4      | Reached skill level 6 in Conjurations
  4036 | D:4      | Learned a level 2 spell: Slow
  4356 | D:4      | Reached XP level 6. HP: 18/46 MP: 0/11
  4362 | D:4      | Killed from afar by an orc priest

Vault maps used:
D:1:      co_arrival_random_square_maze, lemuel_another_geyser
D:2:      lemuel_round_altar, minmay_goblin_outpost
D:3:      lemuel_zombie_altar_yredelemnul, first_ration,
          kennysheep_decorative_pillar
D:4:      lemuel_doored_altar, minmay_temple_entry_glassed_door,
          cheibrodos_sewer_entry_drain
Temple:   nicolae_temple_hex_pool

Skill      XL: |  1  2  3  4  5 |
---------------+----------------+-----
Dodging        | 2 |  2.2
Conjurations   | 5 6 |  6.1
Spellcasting   | 3 |  3.5
Stealth        | 2 |  2.0
Fighting       | |  0.6
Translocations | |  0.4

Action                   |  1- 3 |  4- 6 || total
-------------------------+-------+-------++-------
Melee: Unarmed           |     4 |       ||     4
       Tailslap          |     6 |     6 ||    12
       Whip              |    14 |       ||    14
       Long sword        |    18 |    27 ||    45
 Fire: Hunting sling     |    29 |       ||    29
Throw: Stone             |     3 |       ||     3
 Cast: Magic Dart        |    43 |    56 ||    99
       Searing Ray       |     8 |    13 ||    21
       Mephitic Cloud    |       |     5 ||     5
       Blink             |       |     1 ||     1
Evoke: Wand              |       |     3 ||     3
  Use: Potion            |     4 |     5 ||     9
       Scroll            |     9 |     5 ||    14
 Stab: Confused          |       |     1 ||     1
  Eat: Chunk             |     5 |     4 ||     9
       Ration            |       |     1 ||     1
Armor: Skin              |    18 |    17 ||    35
Dodge: Dodged            |    47 |    20 ||    67
       Rpst.: Long sword |     8 |     9 ||    17

Table legend:
 A = Spawn XP
 B = Non-spawn XP
 C = Spawn XP percentage of total XP
 D = Spawn monster count
 E = Non-spawn monster count
 F = Spawn count percentage of total count
 G = Total turns spent on level
                    A         B        C        D         E        F      G
               +---------+---------+-------+---------+---------+-------+---------
         Total |       0 |     386 |   0.0 |       0 |      67 |   0.0 |  4362
               +---------+---------+-------+---------+---------+-------+---------
           D:1 |       0 |      19 |   0.0 |       0 |       8 |   0.0 |   945
           D:2 |       0 |      33 |   0.0 |       0 |      12 |   0.0 |   834
           D:3 |       0 |     158 |   0.0 |       0 |      32 |   0.0 |  1430
           D:4 |       0 |     176 |   0.0 |       0 |      15 |   0.0 |  1083
               +---------+---------+-------+---------+---------+-------+---------
